 Dungeon Crawl Stone Soup version 0.27-a0-1123-g2f9bb313c0 (webtiles) character file.

Game seed: 13148921514506014995

23417 voltaire321 the Spear-Bearer (level 13, -7/111 HPs)
             Began as a Merfolk Gladiator on May 4, 2021.
             Was an Elder of Fedhas.
             Mangled by a tengu warrior
             ... wielding a +0 great sword
             ... summoned by an orange crystal statue
              (14 damage)
             ... in a Gauntlet.
             The game lasted 01:03:20 (19634 turns).

voltaire321 the Spear-Bearer (Merfolk Gladiator)   Turns: 19634, Time: 01:03:21

Health: -7/111     AC:  9    Str: 20      XL:     13   Next: 6%
Magic:  6/19       EV: 20    Int:  5 (7)  God:    Fedhas [****..]
Gold:   1118       SH: 17    Dex: 21      Spells: 12/12 levels left

rFire    . . .     SeeInvis +   a - +1 trident (flame)
rCold    . . .     Faith    .   C - +0 kite shield
rNeg     . . .     Spirit   .   b - +0 steam dragon scales
rPois    +         Reflect  +   c - +2 helmet
rElec    .         Harm     .   (no cloak)
rCorr    .         Rampage  .   (no gloves)
Will     .....     NoTele   +   (no boots)
Stlth    ++........             k - amulet "Koaduegol" {Reflect rPois SH+5}
HPRegen  0.28/turn              y - ring of see invisible
MPRegen  0.16/turn              q - +6 ring of strength

@: studying Fighting
A: (nimble swimmer 2), mertail
a: Renounce Religion, Wall of Briars, Grow Ballistomycete, Overgrow


You were in a Gauntlet.
You worshipped Fedhas.
Fedhas was greatly pleased with you.
You visited 3 branches of the dungeon, and saw 15 of its levels.
You also visited: Ossuary and Gauntlet.

You collected 1244 gold pieces.
You spent 126 gold pieces at shops.

Inventory:

Hand Weapons
 a - a +1 trident of flaming (weapon)
Missiles
 d - 4 throwing nets
 o - 51 poisoned darts (quivered)
 z - 5 curare-tipped darts
Armour
 b - +0 steam dragon scales (worn)
 c - a +2 helmet (worn)
 C - a +0 kite shield (worn)
Jewellery
 k - the amulet "Koaduegol" (around neck) {Reflect rPois SH+5}
   (You acquired it on level 6 of the Dungeon)

   [amulet of reflection]

   It reflects blocked missile attacks.
   It protects you from poison.
   It affects your SH (+5).
 l - a ring of positive energy
 q - a +6 ring of strength (right hand)
 w - a ring of poison resistance
 y - a ring of see invisible (left hand)
 A - a ring of resist corrosion
 D - a ring of wizardry
 K - the ring of Vyrghela {*Slow rPois rF+ rCorr Int+6}
   (You found it in a Gauntlet)

   [ring of poison resistance]

   It affects your intelligence (+6).
   It protects you from fire.
   It protects you from poison.
   It protects you from acid and corrosion.
   It may slow you when you take damage.
Wands
 j - a wand of polymorph (21)
 n - a wand of mindburst (15)
 p - a wand of flame (23)
 s - a wand of paralysis (11)
 t - a wand of iceblast (9)
 F - a wand of charming (4)
Scrolls
 f - 6 scrolls of teleportation
 m - 4 scrolls of identify
 B - 2 scrolls of magic mapping
 E - a scroll of enchant armour
 G - a scroll of blinking
 H - 2 scrolls of amnesia
 L - a scroll of fog
Potions
 e - 5 potions of curing
 g - a potion of mutation
 h - a potion of flight
 i - 2 potions of invisibility
 r - 2 potions of heal wounds
 u - 2 potions of haste
 v - a potion of lignification
 x - 2 potions of magic
 I - a potion of ambrosia
 J - a potion of might


   Skills:
 + Level 13.1 Fighting
 + Level 13.7 Polearms
 - Level 6.0 Throwing
 - Level 5.0 Armour
 + Level 12.5 Dodging
 + Level 7.7 Shields
 + Level 8.9 Invocations


You had 12 spell levels left.
You didn't know any spells.
Your spell library contained the following spells:

 Spells                   Type           Power      Damage    Failure   Level
 Animate Skeleton         Necr           0%         N/A       80%         1
 Apportation              Tloc           0%         N/A       80%         1
 Corona                   Hex            0%         N/A       80%         1
 Pain                     Necr           0%         1d4       80%         1
 Summon Small Mammal      Summ           0%         N/A       80%         1
 Call Imp                 Summ           0%         N/A       90%         2
 Call Canine Familiar     Summ           0%         N/A       99%         3
 Summon Guardian Golem    Hex/Summ       0%         N/A       99%         3
 Vampiric Draining        Necr           0%         2d6       99%         3
 Animate Dead             Necr           0%         N/A       100%        4
 Summon Ice Beast         Ice/Summ       0%         N/A       100%        4
 Summon Lightning Spire   Summ/Air       0%         N/A       100%        4
 Agony                    Necr           0%         N/A       100%        5


Dungeon Overview and Level Annotations

Branches:
Dungeon (11/15)            Temple (1/1) D:4            Lair (3/6) D:11
 Shoals (0/4) Lair:2        Snake (0/4) Lair:3          Orc (0/2) D:10
Ossuary (visited)         Gauntlet (1/1)

Altars:
Ashenzari
Cheibriados
Dithmenos
Elyvilon
Fedhas
Gozag
Hepliaklqana
Kikubaaqudgha
Makhleb
Nemelex Xobeh
Okawaru
Qazlal
Ru
Sif Muna
Trog
Uskayaw
Vehumet
Wu Jian
Xom
Yredelemnul
Zin
The Shining One

Shops:
D:10 ?(

Annotations:
D:9 2 transporters Gauntlet 9 transporters, 2 runed translucent doors, exclusion: orange crystal statue


Innate Abilities, Weirdness & Mutations

((You are quick and stealthy near water. (Stealth+, EV+, Speed+++)))
Your lower body shifts to a powerful aquatic tail in water.


Message History

You hit the floating eye but do no damage.
The orange crystal statue glitters.
You hit the orange crystal statue.
The orange crystal statue is almost destroyed.
You're too confused to move!
The tengu warrior hits you with a +0 great sword!!
The tengu warrior pecks you. The tengu warrior claws you.
You bump into the translucent stone wall.
The tengu warrior hits you with a +0 great sword!
The tengu warrior barely misses you. The tengu warrior closely misses you.
You bump into the translucent stone wall.
The tengu warrior misses you. The tengu warrior pecks you.
The tengu warrior closely misses you.
You barely miss the orange crystal statue.
The orange crystal statue is almost destroyed.
The orange crystal statue fixes its piercing gaze on you.
You feel dopey. Something feeds on your intellect!
The tengu warrior closely misses you.
The tengu warrior pecks you but does no damage.
The tengu warrior claws you but does no damage.
You bump into the translucent stone wall.
You feel less confused.
The orange crystal statue fixes its piercing gaze on you.
You feel your power leaking away.
The tengu warrior hits you with a +0 great sword.
The tengu warrior pecks you. The tengu warrior barely misses you.
The floating eye seems to glare at you.
You hit the orange crystal statue but do no damage.
The orange crystal statue is almost destroyed.
The tengu warrior hits you with a +0 great sword!
* * * LOW HITPOINT WARNING * * *
You block the tengu warrior's attack.
The tengu warrior claws you but does no damage.
You hit the orange crystal statue but do no damage.
The orange crystal statue is almost destroyed.
The soul eater draws from the surrounding life force!
* * * LOW HITPOINT WARNING * * *
The tengu warrior hits you with a +0 great sword!
You die...
Fedhas appreciates your contribution to the ecosystem.

.sy.#...#########...##.....
#####..............§§##..##
............8.....8§## #.
.....8...............##
.......###########...≈#
####...#..###^##.#...##
...#...###.##...Q#...≈#
#..#######....##Q#...##
#..#...#...##.##@#...≈#
#.©#©8©###.##.#8G#.8§##
#.)#...###.©..##3#..§§#
#..#####..###.##4#...##
...#...###.##....#...≈#
####...###....##.#...##
.......###########...≈#
.....8...............##
............8......8.≈#


You could see an orange crystal statue, a soul eater (summoned), 2 tengu
warriors, a red devil (summoned) and a floating eye (summoned, charged).

Vanquished Creatures
  2 hydras (Lair:1)
  A centaur warrior (D:8)
  Erica (D:10)
  A two-headed ogre (D:9)
  Urug (Lair:1)
  An orc knight (D:10)
  A cyclops (D:10)
  2 ugly things (D:11)
  2 elephants (Lair:1)
  A merfolk siren (Lair:2)
  A gargoyle (D:11)
  3 cane toads
  Maggie (Lair:1)
  8 rime drakes (Lair:2)
  An unseen horror (D:11)
  2 kobold demonologists (D:11)
  2 komodo dragons
  2 trolls
  A polar bear (Lair:1)
  4 blink frogs
  A vampire (D:10)
  A shadow (D:9)
  5 wyverns
  12 steam dragons
  2 large abominations (Gauntlet)
  3 basilisks
  13 yaks
  4 water moccasins (Lair:1)
  A hornet zombie (D:8)
  4 orc warriors
  2 ice beasts (D:7)
  3 black bears
  A necrophage (D:5)
  3 ogres
  3 centaurs
  A phantom (D:6)
  2 kobold brigands
  2 scorpions
  3 small abominations (Gauntlet)
  10 bullfrogs
  5 water moccasin zombies (Ossuary)
  A water moccasin skeleton (D:5)
  10 killer bees
  14 wights
  2 howler monkeys (D:5)
  2 electric eels
  6 centaur zombies
  3 hounds
  2 centaur skeletons (D:5)
  4 iguanas
  A jelly (D:6)
  3 orc wizards
  2 mummies (Ossuary)
  3 gnolls (D:4)
  6 adders
  5 adder zombies (Ossuary)
  An adder skeleton (D:4)
  A worm (D:3)
  2 dart slugs (D:1)
  25 orcs
  6 bats
  5 endoplasms
  4 giant cockroaches
  7 goblins
  11 hobgoblins
  9 jackals
  13 kobolds
  5 quokkas
  4 ball pythons
  4 frilled lizards
  4 gnoll zombies (Ossuary)
  7 hobgoblin zombies (Ossuary)
  A kobold zombie (Ossuary)
  5 orc zombies (Ossuary)
  6 rats
303 creatures vanquished.

Vanquished Creatures (collateral kills)
  A ballistomycete spore (Lair:1)
1 creature vanquished.

Vanquished Creatures (others)
  A ballistomycete spore (Lair:1)
  3 fungi (Lair:1)
  14 plants
  10 toadstools (Lair:1)
28 creatures vanquished.

Grand Total: 332 creatures vanquished

Notes
Turn   | Place    | Note
-------+----------+-------------------------------------------
     0 | D:1      | voltaire321 the Merfolk Gladiator began the quest for the
                  | Orb.
     0 | D:1      | Reached XP level 1. HP: 16/16 MP: 1/1
    65 | D:1      | Reached XP level 2. HP: 23/23 MP: 2/2
   278 | D:1      | Reached XP level 3. HP: 26/28 MP: 3/3
   347 | D:1      | Found a faded altar of an unknown god.
   949 | D:2      | Reached skill level 5 in Polearms
  1238 | D:2      | Reached XP level 4. HP: 34/34 MP: 4/4
  1872 | D:3      | Found a snail-covered altar of Cheibriados.
  2042 | D:3      | Reached skill level 5 in Dodging
  2610 | D:4      | You fall into a shaft and drop 3 floors!
  2613 | D:7      | Noticed an ice beast
  2635 | D:6      | Found a sand-covered staircase.
  2640 | Ossuary  | Entered an ossuary
  2658 | Ossuary  | Reached XP level 5. HP: 41/41 MP: 5/5
  2884 | Ossuary  | Reached XP level 6. HP: 25/48 MP: 6/6
  3324 | Ossuary  | Reached XP level 7. HP: 49/54 MP: 7/7
  3384 | D:6      | Identified a scroll of acquirement
  3384 | D:6      | Acquired the amulet "Koaduegol" {Reflect rPois SH+5}
  3737 | D:5      | Entered Level 5 of the Dungeon
  3779 | D:5      | Reached skill level 5 in Fighting
  3889 | D:5      | Reached XP level 8. HP: 37/62 MP: 8/8
  4385 | D:4      | Found a staircase to the Ecumenical Temple.
  4430 | Temple   | Entered the Ecumenical Temple
  4593 | Temple   | Became a worshipper of Fedhas Madash
  4629 | D:4      | Reached skill level 5 in Throwing
  5335 | D:5      | Reached skill level 1 in Invocations
  5458 | D:5      | Found an ancient bone altar of Kikubaaqudgha.
  6280 | D:6      | Reached XP level 9. HP: 48/66 MP: 9/11
  6413 | D:6      | Reached * piety under Fedhas
  6445 | D:6      | Identified the +1 plate armour "Ozomnoyst" {rC+}
  6739 | D:6      | Reached skill level 1 in Shields
  7617 | D:6      | Acquired a manual of Fighting
  7776 | D:8      | Found an opulent altar of Gozag.
  8470 | D:8      | Noticed a centaur warrior
  8844 | D:8      | Killed a centaur warrior
  8845 | D:8      | Reached skill level 10 in Polearms
  8845 | D:8      | Reached skill level 1 in Armour
  8845 | D:8      | Reached XP level 10. HP: 12/80 MP: 13/13
  9376 | D:8      | Found a burning altar of Makhleb.
  9995 | D:7      | Reached skill level 5 in Invocations
 10042 | D:7      | Reached ** piety under Fedhas
 10115 | D:7      | Found a hide-covered altar of Uskayaw.
 10177 | D:7      | Found a shadowy altar of Dithmenos.
 10280 | D:7      | Found a white marble altar of Elyvilon.
 10887 | D:9      | Noticed a two-headed ogre
 11207 | D:9      | Noticed a fire dragon
 11208 | D:9      | Found an iron altar of Okawaru.
 11208 | D:9      | Noticed a purple ugly thing
 11209 | D:9      | Noticed a purple ugly thing
 11214 | D:9      | Found a transporter.
 11446 | D:9      | Killed a two-headed ogre
 11447 | D:9      | Reached skill level 10 in Dodging
 11725 | D:9      | Found a transporter.
 12144 | D:10     | Entered Level 10 of the Dungeon
 12213 | D:10     | Reached XP level 11. HP: 59/86 MP: 15/15
 12340 | D:10     | Noticed an orc knight
 12763 | D:10     | Found a staircase to the Orcish Mines.
 12771 | D:10     | Found Javapec's Weapon Shoppe.
 12875 | D:10     | Killed an orc knight
 13050 | D:10     | Reached skill level 10 in Fighting
 13050 | D:10     | Reached skill level 5 in Shields
 13097 | D:10     | Noticed Erica
 13108 | D:10     | Killed Erica
 13344 | D:10     | Found a radiant altar of Vehumet.
 13551 | D:10     | Found a glowing silver altar of Zin.
 13793 | D:10     | Found Keur's Magic Scroll Emporium.
 13801 | D:10     | Bought a scroll of blinking for 82 gold pieces
 13801 | D:10     | Bought a scroll of identify for 22 gold pieces
 13801 | D:10     | Bought a scroll of identify for 22 gold pieces
 13831 | D:11     | Noticed a cyclops
 13833 | D:11     | Noticed a two-headed ogre
 13845 | D:10     | Killed a cyclops
 14233 | D:11     | Noticed a purple ugly thing
 14251 | D:11     | Killed a purple ugly thing
 14251 | D:11     | Reached *** piety under Fedhas
 14404 | D:11     | Found a staircase to the Lair.
 14404 | D:11     | Identified the +1 dagger "Wiohosic" {vorpal, Str+2 SInv}
 14693 | D:11     | Noticed a white ugly thing
 14709 | D:11     | Killed a white ugly thing
 14891 | D:11     | Noticed a fire giant
 15317 | Lair:1   | Entered Level 1 of the Lair of Beasts
 15646 | Lair:1   | Noticed a six-headed hydra
 15726 | Lair:1   | HP: 3/93 [spore (24)]
 15727 | Lair:1   | Killed a six-headed hydra
 15728 | Lair:1   | Reached XP level 12. HP: 4/100 MP: 10/17
 16275 | Lair:1   | Noticed an eight-headed hydra
 16295 | Lair:1   | Killed an eight-headed hydra
 16619 | Lair:1   | Noticed Urug
 16643 | Lair:1   | Killed Urug
 17124 | Lair:1   | Noticed Maggie
 17185 | Lair:1   | Killed Maggie
 17680 | Lair:1   | Found a runed translucent door.
 17872 | Lair:1   | Noticed a dire elephant
 18256 | Lair:2   | Reached skill level 5 in Armour
 18343 | Lair:2   | Reached **** piety under Fedhas
 18811 | Lair:2   | Identified the +1 plate armour "Equmou" {*Slow Dex+6}
 18867 | Lair:2   | Found a staircase to the Shoals.
 18889 | Lair:2   | Reached XP level 13. HP: 111/111 MP: 19/19
 19350 | Lair:3   | Found a gate leading to a gauntlet.
 19364 | Gauntlet | Entered a Gauntlet
 19364 | Gauntlet | Found a transporter.
 19367 | Gauntlet | Found a transporter.
 19381 | Gauntlet | Found a transporter.
 19383 | Gauntlet | Found a transporter.
 19393 | Gauntlet | Found a transporter.
 19413 | Gauntlet | Found a transporter.
 19428 | Gauntlet | Found a transporter.
 19446 | Gauntlet | Found a transporter.
 19450 | Gauntlet | Found a transporter.
 19454 | Gauntlet | Found a runed translucent door.
 19454 | Gauntlet | Found a runed translucent door.
 19459 | Gauntlet | Found a transporter.
 19476 | Gauntlet | Found a transporter.
 19480 | Gauntlet | Found a transporter.
 19587 | Gauntlet | Identified the ring of Vyrghela {*Slow rPois rF+ rCorr
                  | Int+6}
 19617 | Gauntlet | Paralysed by a floating eye for 2 turns
 19621 | Gauntlet | Identified the +0 pair of gloves "Imeoppy" {rC- Will+ Int+5
                  | Dex+6}
 19634 | Gauntlet | Mangled by a tengu warrior

Illustrated notes

Levels and vault maps discovered:
D:1:      scummos_arrival_hexagon, layout_rooms, ebering_ecumenical_altar_mist
D:2:      kennysheep_six_static_rooms, layout_loops_ring
D:3:      layout_loops_ring, lemuel_coloured_pillars_altar,
          hangedman_abyss_or_decor_lesser_grid
D:4:      layout_basic, minmay_temple_entry_slanted
D:5:      layout_gridville, nicolae_kikubaaqudgha_miasma_corner
D:6:      layout_loops_cross, enter_ossuary_2
D:7:      layout_rooms, nicolae_dithmenos_shadow_blocks, elyvilon_altar_5,
          nicolae_uskayaw_dance_hall
D:8:      layout_basic, nicolae_gozag_cash_rules_everything_around_me,
          kennysheep_mini, kennysheep_generic_room_2
D:9:      layout_basic, gammafunk_temple_overflow_arena
D:10:     layout_roguey, lemuel_tele_altar, vehumet_crystals, orc_david_3,
          serial_shops, shop, blue_anna_alchemist, uniq_erica
D:11:     nzn_winding_woodlands_medium [nzn_winding_woodlands_5x5_default,
          nzn_winding_woodlands_5x15_eye, nzn_winding_woodlands_5x5_open_star,
          nzn_winding_woodlands_5x5_perimeter,
          nzn_winding_woodlands_center_lodge,
          nzn_winding_woodlands_5x5_closed_star,
          nzn_winding_woodlands_5x5_default, nzn_winding_woodlands_5x15_pockets,
          nzn_winding_woodlands_5x5_cross], layout_basic, lair_entry_dummy
Temple:   chequers_temple_sunken
Lair:1:   gammafunk_lair_enchanted_lake, layout_regular_city,
          grunt_megastairs_2, uniq_urug, uniq_maggie
Lair:2:   layout_roguey, minmay_shoals_entry_lonely_mermaid,
          bobbens_dragon_lair_wall
Lair:3:   layout_cave_pods, minmay_snake_entry_six_corridors,
          gauntlet_entry_generic, uniq_prince_ribbit2
Gauntlet: minmay_gauntlet_mixed_oops_all_seconds
          [minmay_gauntlet_arena_77_chump_sandwich,
          gammafunk_gauntlet_arena_corners, minmay_gauntlet_arena_77_shame_cube,
          gammafunk_gauntlet_arena_crates,
          minmay_gauntlet_arena_77_broken_ladder, nicolae_gauntlet_arena_blocks,
          gauntlet_exit_hidden_loot]

Skill      XL: |  1  2  3  4  5  6  7  8  9 10 11 12 |
---------------+-------------------------------------+-----
Polearms       | 5 6 7 8 10 11 12 13 | 13.7
Fighting       | 3 4 5 6 8 9 11 13 | 13.1
Dodging        | 5 6 7 8 9 10 11 12 | 12.5
Throwing       | 3 4 5 6 |  6.0
Invocations    | 2 4 5 7 8 |  8.9
Shields        | 3 4 6 7 |  7.7
Armour         | 1 2 4 5 |  5.0

Action                   |  1- 3 |  4- 6 |  7- 9 | 10-12 | 13-15 || total
-------------------------+-------+-------+-------+-------+-------++-------
Melee: Trident           |    83 |       |       |   553 |    76 ||   712
       Spear             |    45 |   186 |   496 |   297 |       ||  1024
       Tailslap          |       |       |       |    19 |       ||    19
Throw: Dart              |       |       |    18 |   102 |       ||   120
       Throwing net      |       |       |       |     1 |       ||     1
Invok: Wall of Briars    |       |       |       |     2 |       ||     2
       Grow Ballistomyce |       |       |       |     1 |       ||     1
Evoke: Wand              |       |       |       |    10 |       ||    10
  Use: Scroll            |       |     3 |     9 |    12 |     2 ||    26
       Potion            |       |       |     4 |     7 |     1 ||    12
 Stab: Sleeping          |     2 |     4 |     6 |     3 |       ||    15
       Distracted        |       |       |     1 |       |       ||     1
       Paralysed         |       |       |       |     3 |       ||     3
Armor: Leather armour    |    23 |    26 |    42 |       |       ||    91
       Steam dragon scal |       |       |       |    99 |     4 ||   103
       Ring mail         |       |       |       |     6 |       ||     6
Dodge: Dodged            |    80 |    70 |   168 |   346 |    13 ||   677
Block: Other             |       |       |    44 |       |       ||    44
       Reflection        |       |       |     7 |     7 |       ||    14
       Kite shield       |       |       |    96 |   580 |    27 ||   703
       Buckler           |       |       |     1 |       |       ||     1

Table legend: (Time is in decaauts)
 A = Elapsed time spent in this place.
 B = Non-inter-level travel time spent in this place.
 C = Inter-level travel time spent in this place.
 D = Time resting spent in this place.
 E = Time spent auto-exploring this place.
 F = Levels seen in this place.
 G = Mean time per level.
                   A        B        C        D        E       F      G
               +--------+--------+--------+--------+--------+-----+--------+
         Total |  19202 |  18639 |    563 |   6876 |   7503 |  17 | 1129.5 |
       Dungeon |  15040 |  14560 |    480 |   5376 |   6303 |  11 | 1367.3 |
        Temple |    123 |    116 |      7 |      0 |    107 |   1 |  123.0 |
          Lair |   3092 |   3016 |     76 |   1003 |   1093 |   3 | 1030.7 |
       Ossuary |    691 |    691 |      0 |    496 |      0 |   1 |  691.0 |
      Gauntlet |    254 |    254 |      0 |      0 |      0 |   1 |  254.0 |
               +--------+--------+--------+--------+--------+-----+--------+

Top non-repeatable levels by time:
     D:8: 2301 daAuts
    D:11: 2273 daAuts
     D:6: 2039 daAuts
  Lair:1: 1750 daAuts
     D:9: 1391 daAuts
    D:10: 1345 daAuts
  Lair:2: 1307 daAuts
     D:5: 1265 daAuts
     D:7: 1027 daAuts
     D:1: 925 daAuts
     D:3: 911 daAuts
     D:4: 801 daAuts
     D:2: 757 daAuts
 Ossuary: 691 daAuts
Gauntlet: 254 daAuts
